 Dungeon Crawl Stone Soup version 0.22.0 (webtiles) character file.

3611 Matezma the Grappler (level 9, -5/80 HPs)
             Began as a Troll Berserker on Oct 31, 2018.
             Was an Elder of Trog.
             Slain by a chaos spawn (12 damage)
             ... on level 9 of the Dungeon.
             The game lasted 00:21:17 (4869 turns).

Matezma the Grappler (Troll Berserker)              Turns: 4869, Time: 00:21:18

Health: -5/80      AC:  6    Str: 28    XL:     9   Next: 86%
Magic:  4/8        EV: 10    Int:  7    God:    Trog [****..]
Gold:   125        SH:  0    Dex: 11    Spells: 8/8 levels left

rFire    . . .     SeeInvis .     - Unarmed
rCold    . . .     Gourm    +   (no shield)
rNeg     . . .     Faith    .   a - +0 animal skin
rPois    .         Spirit   .   (helmet restricted)
rElec    .         Reflect  .   q - +0 cloak
rCorr    .         Harm     .   (gloves unavailable)
MR       ++...                  (boots unavailable)
Stlth    +.........             (no amulet)
HPRegen  1.63/turn              m - +4 ring of intelligence
MPRegen  0.11/turn              (no ring)

@: regenerating
A: large, unfitting armour, claws 3, fast metabolism 3, gourmand, regeneration
1, shaggy fur 1, tough skin 2
a: Berserk, Trog's Hand, Brothers in Arms, Renounce Religion


You were on level 9 of the Dungeon.
You worshipped Trog.
Trog was greatly pleased with you.
You were very full.

You visited 1 branch of the dungeon, and saw 8 of its levels.

You collected 125 gold pieces.

Inventory:

Missiles
 e - 14 tomahawks (quivered)
Armour
 a - a +0 animal skin (worn)
 q - a +0 cloak (worn)
Jewellery
 m - a +4 ring of intelligence (left claw)
Scrolls
 d - 3 scrolls of teleportation {unknown}
 f - 2 scrolls of enchant armour {unknown}
 g - 2 scrolls of remove curse {unknown}
 h - 2 scrolls of identify
 n - a scroll of magic mapping {unknown}
 s - 3 scrolls of fog {unknown}
 t - 2 scrolls of enchant weapon {unknown}
Potions
 c - 5 potions of curing
 i - 2 potions of haste
 j - a potion of invisibility
 k - 4 potions of heal wounds
 l - a potion of agility
 o - a potion of brilliance
 p - a potion of resistance
 r - 2 potions of lignification
Comestibles
 b - 13 rations
 u - 2 chunks of flesh


   Skills:
 - Level 2.4 Fighting
 - Level 2.4 Dodging
 * Level 13.9 Unarmed Combat


You had 8 spell levels left.
You didn't know any spells.
Your spell library was empty.

Dungeon Overview and Level Annotations

Branches:
Dungeon (9/15)             Temple (0/1) D:5
   Lair: D:8-11         Orc: D:9-12

Altars:
Sif Muna
Xom
Zin


Innate Abilities, Weirdness & Mutations

You are too large for most types of armour.
You have claws for hands.
Your metabolism is lightning-fast.
You like to eat raw meat.
Your natural rate of healing is unusually fast.
You are covered in fur. (AC +1)
You have very tough skin. (AC +2)


Message History

You climb downwards.
A worker ant comes into view.
Found a whip.
There is a stone staircase leading up here.
You are too injured to fight recklessly!
You are too injured to fight recklessly!
You scratch the chaos spawn but do no damage.
The chaos spawn is severely wounded.
The worker ant twitches its antennae in your direction.
The chaos spawn misses you. The sky beast barely misses you.
The chaos spawn gores you. Space warps horribly around you!
* * * LOW HITPOINT WARNING * * *
The chaos spawn hits you.
* * * LOW HITPOINT WARNING * * *
You are engulfed in flames!
* * * LOW HITPOINT WARNING * * *
The sky beast flickers out of sight!
Deactivating autopickup; reactivate with Ctrl-A.
The chaos spawn hits you!
You die...

###.####
#......###
#........
#......#
#......#
#...<..#
#..a...#
#..4...#
#.@4...#
#.)....#
##.#####
#.. ###


You could see 2 chaos spawn and a worker ant.

Vanquished Creatures
  Pikel (D:4)
  Grinder (D:6)
  Sigmund (D:5)
  A wyvern (D:8)
  Eustachio (D:4)
  Edmund (D:6)
  A water moccasin (D:7)
  2 orc warriors
  3 centaurs
  5 ogres
  2 bullfrogs
  A wyvern zombie (D:8)
  A scorpion (D:4)
  3 wights (D:8)
  2 howler monkeys (D:6)
  3 crimson imps
  A bullfrog zombie (D:6)
  2 jellies
  Crazy Yiuf (D:4)
  2 orc priests
  A centaur skeleton (D:6)
  An iguana (D:8)
  2 worker ants
  Natasha (thrice) (D:4)
  13 orc wizards
  7 gnolls
  A howler monkey zombie (D:5)
  4 adders
  2 shadow imps
  2 oozes
  2 worms (D:4)
  A dart slug (D:4)
  3 leopard geckos
  27 orcs
  7 giant cockroaches
  2 goblins
  4 hobgoblins (D:1)
  6 jackals
  2 quokkas
  3 bats (D:1)
  2 frilled lizards (D:1)
  10 kobolds
  A leopard gecko skeleton (D:5)
  A leopard gecko zombie (D:6)
  2 quokka zombies
  2 rats (D:1)
146 creatures vanquished.

Vanquished Creatures (others)
  A frilled lizard (D:4)
1 creature vanquished.

Grand Total: 147 creatures vanquished

Notes
Turn   | Place    | Note
-------+----------+-------------------------------------------
     0 | D:1      | Matezma the Troll Berserker began the quest for the Orb.
     0 | D:1      | Reached XP level 1. HP: 22/22 MP: 0/0
   151 | D:1      | Reached XP level 2. HP: 28/29 MP: 1/1
   231 | D:1      | Reached ** piety under Trog
   255 | D:1      | Reached skill level 4 in Unarmed Combat
   346 | D:1      | Reached XP level 3. HP: 36/36 MP: 2/2
   728 | D:2      | You fall through a shaft for 2 floors!
   785 | D:4      | Reached skill level 5 in Unarmed Combat
   785 | D:4      | Reached XP level 4. HP: 34/44 MP: 3/3
   979 | D:4      | Found a runed door.
  1054 | D:4      | Noticed Eustachio
  1211 | D:4      | Killed Eustachio
  1211 | D:4      | Reached skill level 6 in Unarmed Combat
  1211 | D:4      | Reached XP level 5. HP: 27/50 MP: 4/4
  1341 | D:4      | Reached skill level 7 in Unarmed Combat
  1341 | D:4      | Reached XP level 6. HP: 59/59 MP: 5/5
  1432 | D:4      | Noticed Natasha
  1443 | D:4      | Killed Natasha
  1444 | D:4      | Noticed a slave
  1491 | D:4      | Reached *** piety under Trog
  1596 | D:4      | Noticed Pikel
  1597 | D:4      | Noticed a slave
  1597 | D:4      | Noticed a slave
  1598 | D:4      | Noticed a slave
  1611 | D:4      | Killed Pikel
  1611 | D:4      | Reached skill level 9 in Unarmed Combat
  1611 | D:4      | Reached XP level 7. HP: 66/66 MP: 6/6
  1737 | D:4      | Noticed Natasha
  1743 | D:4      | Killed Natasha
  1873 | D:4      | Noticed Crazy Yiuf
  1876 | D:4      | Killed Crazy Yiuf
  1889 | D:4      | Noticed Natasha
  1893 | D:4      | Killed Natasha
  1923 | D:5      | Entered Level 5 of the Dungeon
  1970 | D:5      | Found a staircase to the Ecumenical Temple.
  2291 | D:5      | Reached XP level 8. HP: 70/74 MP: 7/7
  2380 | D:5      | Reached skill level 10 in Unarmed Combat
  2685 | D:5      | Noticed Sigmund
  2702 | D:5      | Killed Sigmund
  2981 | D:6      | Reached skill level 11 in Unarmed Combat
  3061 | D:6      | Found a glowing silver altar of Zin.
  3276 | D:6      | Noticed Grinder
  3287 | D:6      | Killed Grinder
  3287 | D:6      | Reached skill level 12 in Unarmed Combat
  3287 | D:6      | Reached XP level 9. HP: 46/80 MP: 8/8
  3462 | D:6      | Noticed Edmund
  3470 | D:6      | Killed Edmund
  3519 | D:6      | Reached **** piety under Trog
  3539 | D:6      | Found a shimmering altar of Xom.
  3993 | D:7      | Reached skill level 13 in Unarmed Combat
  4667 | D:8      | Found a deep blue altar of Sif Muna.
  4845 | D:8      | Found a shimmering altar of Xom.
  4848 | D:8      | Found the +7 mace of Variability {chain chaos}
  4867 | D:9      | HP: 3/80 [chaos spawn (11)]
  4869 | D:9      | Slain by a chaos spawn

Skill      XL: |  1  2  3  4  5  6  7  8  9 |
---------------+----------------------------+-----
Unarmed Combat | 4 5 6 7 9 12 13 | 13.9
Fighting       | |  2.4
Dodging        | |  2.4

Action                   |  1- 3 |  4- 6 |  7- 9 || total
-------------------------+-------+-------+-------++-------
Melee: Unarmed           |    95 |    18 |   128 ||   241
       Punch             |     1 |     1 |    11 ||    13
       Hand axe          |       |    67 |   144 ||   211
Throw: Tomahawk          |       |     2 |       ||     2
Invok: Berserk           |     1 |       |       ||     1
       Trog's Hand       |     1 |     1 |     3 ||     5
  Use: Scroll            |       |       |    10 ||    10
 Stab: Sleeping          |     2 |       |       ||     2
  Eat: Chunk             |    14 |     9 |    30 ||    53
Armor: Animal skin       |    42 |    65 |    78 ||   185
Dodge: Dodged            |    57 |    84 |   108 ||   249
